 Dungeon Crawl Stone Soup version 0.31-a0-217-g58bb5d79cf (webtiles) character file.

Game seed: 10817783278105599354

3791 qw the Cleaver (level 10, 0/64 HPs)
             Began as a Gargoyle Fighter on July 2, 2023.
             Shot with an arrow by something (10 damage)
             ... on level 9 of the Dungeon.
             The game lasted 00:04:02 (7755 turns).

qw the Cleaver (Gargoyle Fighter)                   Turns: 7755, Time: 00:04:03

Health: 0/64       AC: 19    Str: 24    XL:     10   Next: 16%
Magic:  10/10      EV:  9    Int:  9    God:
Gold:   344        SH: 10    Dex: 15    Spells: 9/9 levels left

rFire   . . .        Y - +1 war axe (heavy)
rCold   . . .        c - +0 buckler
rNeg    + . .        o - +0 chain mail
rPois   inf          r - +1 helmet
rElec   +            (no cloak)
rCorr   +            (no gloves)
SInv    .            (no boots)
Will    .....        h - amulet of reflection Stlth
                     g - +6 ring of dexterity
HPRegen 0.30/turn    p - ring of resist corrosion
MPRegen 0.12/turn

%: reflection
@: no status effects
A: sickness immunity, AC +7, negative energy resistance 1, electricity
resistance, torment resistance 1, petrification resistance
a: no special abilities


You were on level 9 of the Dungeon.
You visited 2 branches of the dungeon, and saw 10 of its levels.
You also visited: Ossuary.

You collected 468 gold pieces.
You spent 124 gold pieces at shops.


Innate Abilities, Weirdness & Mutations

You are immune to sickness and miasma.
Your stone body is resilient. (AC +7)
You are immune to poison.
You resist negative energy. (rN+)
You are resistant to electric shocks. (rElec)
You are resistant to unholy torment.
You are immune to petrification.


   Skills:
 + Level 8.3 Fighting
 - Level 11.9 Axes
 - Level 2.1 Throwing
 - Level 5.1 Armour
 - Level 3.0 Dodging
 - Level 5.2 Shields


You had 9 spell levels left.
You didn't know any spells.
Your spell library was empty.

Inventory:

Hand Weapons
 l - a +0 morningstar
 Y - a +1 heavy war axe (weapon)
Missiles
 f - 4 boomerangs (quivered)
Armour
 c - a +0 buckler (worn)
 o - a +0 chain mail (worn)
 r - a +1 helmet (worn)
 u - +0 acid dragon scales
Jewellery
 g - a +6 ring of dexterity (left hand)
 h - an amulet of reflection (around neck)
 p - a ring of resist corrosion (right hand)
Scrolls
 i - 2 scrolls of identify
 q - 3 scrolls of teleportation
Potions
 a - 8 potions of curing
 b - 2 potions of mutation
 d - 2 potions of might
 e - 6 potions of magic
 j - a potion of heal wounds
 k - 2 potions of attraction
 m - a potion of lignification
 n - a potion of enlightenment
 s - 2 potions of haste

Dungeon Overview and Level Annotations

Branches:
Dungeon (9/15)             Temple (1/1) D:5         Ossuary (visited)
   Lair: D:8-11         Orc: D:9-12

Altars:
Ashenzari
Cheibriados
Dithmenos
Elyvilon
Fedhas
Gozag
Hepliaklqana
Kikubaaqudgha
Makhleb
Nemelex Xobeh
Qazlal
Ru
Sif Muna
Trog
Uskayaw
Vehumet
Wu Jian
Xom
Yredelemnul
Zin
The Shining One

Shops:
D:1 =   D:2 ??(   D:5 (


Message History

Enter note: You're too confused to move!
An arrow appears from out of thin air!
The arrow hits you but does no damage.
An arrow appears from out of thin air!
The arrow hits you.
You feel less confused.
You swing at nothing.
An arrow appears from out of thin air!
The arrow hits you!
You swing at nothing.
You swing at nothing.
An arrow appears from out of thin air!
The arrow hits you.
An arrow appears from out of thin air!
The arrow hits you.
You swing at nothing.
An arrow appears from out of thin air!
You block the arrow with an invisible shield... and reflect it back!
You swing at nothing.
An arrow appears from out of thin air!
The arrow hits you.
An arrow appears from out of thin air!
The arrow hits you but does no damage.
You swing at nothing.
An arrow appears from out of thin air!
The arrow hits you but does no damage.
You swing at nothing.
You swing at nothing.
An arrow appears from out of thin air!
The arrow hits you.
An arrow appears from out of thin air!
The arrow hits you!
You swing at nothing.
An arrow appears from out of thin air!
The arrow hits you but does no damage.
You swing at nothing.
An arrow appears from out of thin air!
The arrow hits you.
An arrow appears from out of thin air!
The arrow hits you.
You swing at nothing.
An arrow appears from out of thin air!
The arrow hits you.
You swing at nothing.
An arrow appears from out of thin air!
The arrow completely misses you.
You swing at nothing.
Something tries to affect you, but you resist.
An arrow appears from out of thin air!
The arrow hits you.
You swing at nothing.
An arrow appears from out of thin air!
The arrow hits you.
You swing at nothing.
An arrow appears from out of thin air!
The arrow hits you!
You die...

..........#
#.###.¤¤¤~
..........#
#......~.~
..........#
+......¤.~
..........#
#.<....¤.¤
..........#
+.....¤¤{¤
.######...#
#[....¤~¤¤ .#
#...# #......¤¤.
.#
#...#####.......#
.#
#.........@.....#
.#
##########......#
.# ######## ##


There were no monsters in sight!

Vanquished Creatures
  Grinder (D:4)
  A wraith (D:8)
  Eustachio (D:4)
  An acid dragon (D:8)
  A water moccasin (D:6)
  Duvessa (D:4)
  An orc warrior (D:7)
  2 ice beasts
  An ogre (D:6)
  3 centaurs
  2 phantoms (D:6)
  A bullfrog (D:6)
  A kobold brigand (D:7)
  A gnoll sergeant (D:5)
  5 scorpions
  A wight (D:6)
  Dowan (D:4)
  5 killer bees (D:8)
  4 howler monkeys
  3 jellies
  6 hounds
  4 orc priests
  A sleepcap (D:8)
  2 gnoll boudas
  3 iguanas
  4 orc wizards
  15 mummies
  9 gnolls
  7 adders
  2 white imps
  2 ufetubi
  2 worms
  36 orcs
  5 bats
  10 endoplasms
  A giant cockroach (D:3)
  11 goblins
  4 hobgoblins
  12 jackals
  6 quokkas
  7 ball pythons
  4 frilled lizards
  A gnoll skeleton (Ossuary)
  2 goblin skeletons (Ossuary)
  11 kobolds
  4 kobold skeletons (Ossuary)
  An orc skeleton (Ossuary)
  An orc zombie (D:7)
  8 rats
  11 rat skeletons (Ossuary)
229 creatures vanquished.

Notes
Turn   | Place    | Note
-------+----------+-------------------------------------------
     0 | D:1      | qw the Gargoyle Fighter began the quest for the Orb.
     0 | D:1      | Reached XP level 1. HP: 14/14 MP: 1/1
     0 | D:1      | 0 ||| qw: Version: 0.3-a-40-ge99b1a8
     0 | D:1      | 0 ||| qw: Game counter: 58
     0 | D:1      | 0 ||| qw: Melee chars always use a shield: true
     0 | D:1      | 0 ||| qw: God list: Okawaru
     0 | D:1      | 0 ||| qw: Allow faded altars: false
     0 | D:1      | 0 ||| qw: Do Orc after clearing Dungeon:15 true
     0 | D:1      | 0 ||| qw: Do second Lair branch before Depths: true
     0 | D:1      | 0 ||| qw: Lair rune preference: random
     0 | D:1      | 0 ||| qw: Goals: Normal, Zot:1-4, Slime:5, God:TSO, Crypt,
                  | Tomb, Abyss, Pan, Hells, Win
     0 | D:1      | 0 ||| PLANNING D:1-11
    26 | D:1      | Reached skill level 2 in Axes
   179 | D:1      | You fall into a shaft and drop 1 floor!
   187 | D:2      | Reached XP level 2. HP: 19/19 MP: 2/2
   359 | D:2      | Found Usuthod's Magic Scroll Boutique.
   363 | D:2      | 363 ||| BUYING scroll of identify (24 gold).
   363 | D:2      | Bought a scroll of identify for 24 gold pieces
   363 | D:2      | 363 ||| BUYING scroll of identify (24 gold).
   363 | D:2      | Bought a scroll of identify for 24 gold pieces
   363 | D:2      | 363 ||| SHOPLISTING scroll of identify (24 gold, have 8).
   363 | D:2      | 363 ||| SHOPLISTING scroll of teleportation (36 gold, have
                  | 8).
   366 | D:2      | 366 ||| UPGRADING to +6 ring of dexterity.
   367 | D:2      | 367 ||| READING scroll labelled XIJOTZ UXKO.
   371 | D:2      | 371 ||| READING scroll labelled YCHINK ONAZXIDE.
   472 | D:2      | 472 ||| READING 2 scrolls of identify.
   472 | D:2      | 472 ||| IDENTIFYING ruby potion
   473 | D:2      | 473 ||| DROPPING potion of ambrosia.
   474 | D:2      | 474 ||| Stepping randomly (stuck).
   475 | D:2      | 475 ||| Stepping randomly (stuck).
   477 | D:2      | 477 ||| Stepping randomly (stuck).
   484 | D:2      | 484 ||| Stepping randomly (stuck).
   485 | D:2      | 485 ||| Stepping randomly (stuck).
   486 | D:2      | 486 ||| Stepping randomly (stuck).
   487 | D:2      | 487 ||| Stepping randomly (stuck).
   488 | D:2      | 488 ||| Stepping randomly (stuck).
   489 | D:2      | 489 ||| Stepping randomly (stuck).
   490 | D:2      | 490 ||| Stepping randomly (stuck).
   491 | D:2      | 491 ||| Stepping randomly (stuck).
   492 | D:2      | 492 ||| Stepping randomly (stuck).
   493 | D:2      | 493 ||| Stepping randomly (stuck).
   494 | D:2      | 494 ||| Stepping randomly (stuck).
   505 | D:2      | 505 ||| Stepping randomly (stuck).
   506 | D:2      | 506 ||| Stepping randomly (stuck).
   507 | D:2      | 507 ||| Stepping randomly (stuck).
   508 | D:2      | 508 ||| Stepping randomly (stuck).
   509 | D:2      | 509 ||| Stepping randomly (stuck).
   510 | D:2      | 510 ||| Stepping randomly (stuck).
   511 | D:2      | 511 ||| Stepping randomly (stuck).
   512 | D:2      | 512 ||| Stepping randomly (stuck).
   513 | D:2      | 513 ||| Stepping randomly (stuck).
   514 | D:2      | 514 ||| Stepping randomly (stuck).
   515 | D:2      | 515 ||| Stepping randomly (stuck).
   516 | D:2      | 516 ||| Stepping randomly (stuck).
   517 | D:2      | 517 ||| Stepping randomly (stuck).
   518 | D:2      | 518 ||| Stepping randomly (stuck).
   519 | D:2      | 519 ||| Stepping randomly (stuck).
   520 | D:2      | 520 ||| Stepping randomly (stuck).
   520 | D:2      | Found Domuul's Magic Scroll Boutique.
   521 | D:2      | 521 ||| Stepping randomly (stuck).
   555 | D:1      | Reached skill level 3 in Axes
   559 | D:1      | Reached XP level 3. HP: 23/23 MP: 3/3
   633 | D:1      | 633 ||| Stepping ~*~*~tactically~*~*~ (hiding).
   636 | D:1      | 636 ||| Stepping ~*~*~tactically~*~*~ (hiding).
   637 | D:1      | 637 ||| Stepping ~*~*~tactically~*~*~ (hiding).
   643 | D:1      | 643 ||| Stepping ~*~*~tactically~*~*~ (stealth).
   682 | D:1      | 682 ||| DROPPING +0 club.
   740 | D:1      | Found Siylere's Jewellery Shoppe.
   745 | D:1      | 745 ||| SHOPLISTING +6 ring of strength (468 gold, have
                  | 23).
   745 | D:1      | 745 ||| SHOPLISTING amulet of reflection (390 gold, have
                  | 23).
   745 | D:1      | 745 ||| SHOPLISTING ring of protection from cold (325 gold,
                  | have 23).
   745 | D:1      | 745 ||| SHOPLISTING ring of protection from fire (325 gold,
                  | have 23).
   759 | D:1      | Reached skill level 1 in Dodging
   862 | D:1      | 862 ||| Stepping ~*~*~tactically~*~*~ (stealth).
  1137 | D:1      | 1137 ||| READING scroll labelled GAINUA OKEMP.
  1184 | D:2      | 1184 ||| SHOPLISTING scroll of brand weapon (133 gold, have
                  | 68).
  1184 | D:2      | 1184 ||| BUYING scroll of identify (28 gold).
  1184 | D:2      | Bought a scroll of identify for 28 gold pieces
  1184 | D:2      | 1184 ||| SHOPLISTING scroll of teleportation (42 gold, have
                  | 40).
  1277 | D:2      | Found a glowing silver altar of Zin.
  1281 | D:2      | 1281 ||| DROPPING +0 whip.
  1404 | D:2      | Found Fimu Nia's Antique Weapon Emporium.
  1413 | D:2      | 1413 ||| SHOPLISTING slimy flail (144 gold, have 63).
  1475 | D:2      | Reached XP level 4. HP: 28/28 MP: 4/4
  1577 | D:2      | 1577 ||| UPGRADING to amulet of reflection.
  1582 | D:2      | 1582 ||| READING scroll labelled IHUGO FOLACAW.
  1583 | D:2      | 1583 ||| DRINKING 2 silvery potions.
  1584 | D:2      | 1584 ||| READING 4 scrolls of identify.
  1584 | D:2      | 1584 ||| IDENTIFYING sapphire potion
  1585 | D:2      | 1585 ||| READING 3 scrolls of identify.
  1585 | D:2      | 1585 ||| IDENTIFYING puce potion
  1586 | D:2      | 1586 ||| READING 2 scrolls of identify.
  1586 | D:2      | 1586 ||| IDENTIFYING fizzy golden potion
  1606 | D:3      | 1606 ||| STAIRDANCE
  1639 | D:3      | 1639 ||| Stepping ~*~*~tactically~*~*~ (stealth).
  1640 | D:3      | 1640 ||| Stepping ~*~*~tactically~*~*~ (stealth).
  1642 | D:3      | 1642 ||| Stepping ~*~*~tactically~*~*~ (stealth).
  1650 | D:3      | 1650 ||| Stepping ~*~*~tactically~*~*~ (stealth).
  1651 | D:3      | 1651 ||| DROPPING +0 mace.
  1672 | D:3      | 1672 ||| Stepping ~*~*~tactically~*~*~ (stealth).
  1674 | D:3      | 1674 ||| Stepping ~*~*~tactically~*~*~ (stealth).
  1694 | D:3      | Reached skill level 4 in Axes
  1779 | D:3      | 1779 ||| Stepping ~*~*~tactically~*~*~ (stealth).
  1790 | D:3      | Reached XP level 5. HP: 31/32 MP: 5/5
  1862 | D:3      | Found a hide-covered altar of Uskayaw.
  2067 | D:3      | 2067 ||| UPGRADING to +0 chain mail.
  2099 | D:3      | 2099 ||| UPGRADING to +0 scale mail.
  2104 | D:3      | 2104 ||| UPGRADING to +0 chain mail.
  2114 | D:3      | 2114 ||| DROPPING +0 scale mail.
  2118 | D:3      | 2118 ||| DRINKING 2 golden potions.
  2119 | D:3      | 2119 ||| READING 3 scrolls of identify.
  2119 | D:3      | 2119 ||| IDENTIFYING bubbling coppery potion
  2120 | D:3      | 2120 ||| DRINKING potion of experience.
  2120 | D:3      | Reached skill level 11 in Axes
  2120 | D:3      | Reached XP level 6. HP: 37/37 MP: 6/6
  2351 | D:3      | 2351 ||| READING 3 scrolls of identify.
  2351 | D:3      | 2351 ||| IDENTIFYING orange potion
  2352 | D:3      | 2352 ||| READING 2 scrolls of identify.
  2352 | D:3      | 2352 ||| IDENTIFYING grey potion
  2353 | D:3      | 2353 ||| DROPPING potion of invisibility.
  2379 | D:4      | 2379 ||| Stepping ~*~*~tactically~*~*~ (stealth).
  2380 | D:4      | 2380 ||| Stepping ~*~*~tactically~*~*~ (stealth).
  2449 | D:4      | Noticed Eustachio
  2481 | D:4      | Killed Eustachio
  2482 | D:4      | Reached XP level 7. HP: 38/44 MP: 7/7
  2514 | D:4      | 2514 ||| Stepping ~*~*~tactically~*~*~ (stealth).
  2515 | D:4      | 2515 ||| Stepping ~*~*~tactically~*~*~ (stealth).
  2578 | D:4      | 2578 ||| Stepping ~*~*~tactically~*~*~ (stealth).
  2581 | D:4      | 2581 ||| Stepping ~*~*~tactically~*~*~ (hiding).
  2807 | D:4      | Noticed Grinder
  2814 | D:4      | Killed Grinder
  2849 | D:4      | 2849 ||| Stepping ~*~*~tactically~*~*~ (stealth).
  2854 | D:4      | Noticed Dowan
  2859 | D:4      | Noticed Duvessa
  2869 | D:4      | Killed Duvessa
  2870 | D:4      | Reached XP level 8. HP: 25/51 MP: 8/8
  2883 | D:4      | Killed Dowan
  3055 | D:4      | 3055 ||| Stepping ~*~*~tactically~*~*~ (stealth).
  3228 | D:4      | 3228 ||| READING scroll labelled NAWNEMP PECAG.
  3229 | D:4      | 3229 ||| READING scroll labelled VAHAHE XING.
  3230 | D:4      | 3230 ||| READING 2 scrolls of identify.
  3230 | D:4      | 3230 ||| IDENTIFYING bubbling emerald potion
  3231 | D:4      | 3231 ||| DROPPING potion of degeneration.
  3235 | D:5      | Entered Level 5 of the Dungeon
  3274 | D:5      | Reached skill level 6 in Fighting
  3284 | D:5      | 3284 ||| Stepping ~*~*~tactically~*~*~ (stealth).
  3286 | D:5      | 3286 ||| Stepping ~*~*~tactically~*~*~ (stealth).
  3294 | D:5      | 3294 ||| FLEEEEING.
  3295 | D:5      | 3295 ||| Stepping ~*~*~tactically~*~*~ (hiding).
  3465 | D:5      | Found a staircase to the Ecumenical Temple.
  3466 | D:5      | 3466 ||| PLANNING TEMPLE
  3466 | D:5      | 3466 ||| READING scroll labelled WUJAUGH QYTORO.
  3499 | D:5      | 3499 ||| READING scroll labelled WIYGAN XIATYA.
  3506 | Temple   | Entered the Ecumenical Temple
  3571 | Temple   | 3571 ||| PLANNING D:1-11
  3688 | D:5      | Found Rosel's Weapon Emporium.
  3712 | D:5      | 3712 ||| BUYING +0 morningstar (48 gold).
  3712 | D:5      | Bought a +0 morningstar for 48 gold pieces
  3712 | D:5      | 3712 ||| DROPPING +0 flail.
  3839 | D:5      | 3839 ||| Stepping ~*~*~tactically~*~*~ (hiding).
  3840 | D:5      | 3840 ||| Stepping ~*~*~tactically~*~*~ (hiding).
  3854 | D:5      | 3854 ||| Stepping ~*~*~tactically~*~*~ (stealth).
  3871 | D:5      | 3871 ||| Stepping ~*~*~tactically~*~*~ (stealth).
  3873 | D:5      | 3873 ||| Stepping ~*~*~tactically~*~*~ (stealth).
  3897 | D:5      | 3897 ||| Stepping ~*~*~tactically~*~*~ (stealth).
  3900 | D:5      | 3900 ||| Stepping ~*~*~tactically~*~*~ (stealth).
  3904 | D:5      | 3904 ||| Stepping ~*~*~tactically~*~*~ (hiding).
  4227 | D:6      | Reached XP level 9. HP: 55/55 MP: 9/9
  4341 | D:6      | 4341 ||| Stepping ~*~*~tactically~*~*~ (stealth).
  5040 | D:6      | 5040 ||| UPGRADING to ring of resist corrosion.
  5041 | D:6      | 5041 ||| READING scroll labelled YRGHEN UROITU.
  5053 | D:7      | 5053 ||| PLANNING OSSUARY
  5062 | D:7      | 5062 ||| Stepping ~*~*~tactically~*~*~ (stealth).
  5070 | D:7      | 5070 ||| Stepping ~*~*~tactically~*~*~ (hiding).
  5071 | D:7      | 5071 ||| Stepping ~*~*~tactically~*~*~ (hiding).
  5072 | D:7      | 5072 ||| Stepping ~*~*~tactically~*~*~ (hiding).
  5073 | D:7      | 5073 ||| Stepping ~*~*~tactically~*~*~ (hiding).
  5101 | D:7      | 5101 ||| Stepping ~*~*~tactically~*~*~ (stealth).
  5109 | D:7      | 5109 ||| Stepping ~*~*~tactically~*~*~ (stealth).
  5267 | D:7      | 5267 ||| Stepping ~*~*~tactically~*~*~ (stealth).
  5268 | D:7      | 5268 ||| Stepping ~*~*~tactically~*~*~ (stealth).
  5275 | D:7      | 5275 ||| Stepping ~*~*~tactically~*~*~ (stealth).
  5670 | D:7      | Found a sand-covered staircase.
  5671 | D:7      | 5671 ||| DROPPING ring of flight.
  5672 | D:7      | 5672 ||| READING scroll labelled OLEPRA QA ODET.
  5673 | D:7      | 5673 ||| READING scroll labelled JAUMIG ASHREAH.
  5674 | D:7      | 5674 ||| READING 3 scrolls of identify.
  5674 | D:7      | 5674 ||| IDENTIFYING cyan potion
  5675 | D:7      | 5675 ||| DROPPING potion of berserk rage.
  5679 | Ossuary  | Entered an ossuary
  6093 | Ossuary  | 6093 ||| READING scroll labelled EPTACA WICKOULA.
  6094 | Ossuary  | 6094 ||| DRINKING 2 fuming brown potions.
  6138 | Ossuary  | 6138 ||| DRINKING 2 brown potions.
  6139 | Ossuary  | 6139 ||| READING 2 scrolls of identify.
  6139 | Ossuary  | 6139 ||| IDENTIFYING smoky grey potion
  6140 | Ossuary  | 6140 ||| DROPPING potion of brilliance.
  6162 | D:7      | 6162 ||| PLANNING D:1-11
  6185 | D:7      | 6185 ||| Stepping ~*~*~tactically~*~*~ (stealth).
  6253 | D:7      | 6253 ||| UPGRADING to +0 helmet.
  6309 | D:8      | 6309 ||| Stepping ~*~*~tactically~*~*~ (hiding).
  6427 | D:8      | 6427 ||| READING scroll of enchant armour.
  6427 | D:8      | 6427 ||| ENCHANTING +0 helmet.
  6503 | D:8      | Found a hazy altar of Hepliaklqana.
  6573 | D:8      | 6573 ||| Stepping ~*~*~tactically~*~*~ (hiding).
  6576 | D:8      | 6576 ||| Stepping ~*~*~tactically~*~*~ (hiding).
  6600 | D:8      | HP: 12/59 [orc priest/divine providence (10)]
  6601 | D:8      | 6601 ||| READING 4 scrolls of teleportation.
  6602 | D:8      | 6602 ||| DRINKING 2 potions of heal wounds.
  6752 | D:8      | Reached XP level 10. HP: 32/64 MP: 10/10
  6894 | D:8      | 6894 ||| FLEEEEING.
  6895 | D:8      | 6895 ||| FLEEEEING.
  6896 | D:8      | 6896 ||| FLEEEEING.
  6897 | D:8      | 6897 ||| FLEEEEING.
  6898 | D:8      | 6898 ||| FLEEEEING.
  6899 | D:8      | 6899 ||| FLEEEEING.
  6900 | D:8      | 6900 ||| FLEEEEING.
  6901 | D:8      | 6901 ||| FLEEEEING.
  6906 | D:8      | 6906 ||| Stepping ~*~*~tactically~*~*~ (hiding).
  6908 | D:8      | 6908 ||| Stepping ~*~*~tactically~*~*~ (hiding).
  7041 | D:8      | 7041 ||| READING scroll labelled EBOPLA AMIHEUSM.
  7170 | D:9      | 7170 ||| Stepping ~*~*~tactically~*~*~ (hiding).
  7171 | D:9      | 7171 ||| Stepping ~*~*~tactically~*~*~ (hiding).
  7177 | D:9      | Reached skill level 3 in Dodging
  7278 | D:9      | Found an ancient bone altar of Kikubaaqudgha.
  7292 | D:9      | 7292 ||| Stepping ~*~*~tactically~*~*~ (hiding).
  7293 | D:9      | 7293 ||| Stepping ~*~*~tactically~*~*~ (hiding).
  7510 | D:9      | 7510 ||| FLEEEEING.
  7511 | D:9      | 7511 ||| FLEEEEING.
  7512 | D:9      | 7512 ||| FLEEEEING.
  7513 | D:9      | 7513 ||| FLEEEEING.
  7514 | D:9      | 7514 ||| FLEEEEING.
  7515 | D:9      | 7515 ||| FLEEEEING.
  7516 | D:9      | 7516 ||| FLEEEEING.
  7517 | D:9      | 7517 ||| FLEEEEING.
  7519 | D:9      | 7519 ||| FLEEEEING.
  7520 | D:9      | 7520 ||| FLEEEEING.
  7521 | D:9      | 7521 ||| FLEEEEING.
  7522 | D:9      | 7522 ||| FLEEEEING.
  7523 | D:9      | 7523 ||| FLEEEEING.
  7524 | D:9      | 7524 ||| FLEEEEING.
  7525 | D:9      | 7525 ||| FLEEEEING.
  7526 | D:9      | 7526 ||| FLEEEEING.
  7527 | D:9      | 7527 ||| FLEEEEING.
  7528 | D:9      | 7528 ||| FLEEEEING.
  7529 | D:9      | 7529 ||| FLEEEEING.
  7533 | D:9      | 7533 ||| FLEEEEING.
  7534 | D:9      | 7534 ||| FLEEEEING.
  7535 | D:9      | 7535 ||| FLEEEEING.
  7536 | D:9      | 7536 ||| FLEEEEING.
  7537 | D:9      | 7537 ||| FLEEEEING.
  7538 | D:9      | 7538 ||| STAIRDANCE
  7587 | D:8      | 7587 ||| READING scroll labelled TAOFAHAINU.
  7590 | D:9      | 7590 ||| STAIRDANCE
  7748 | D:9      | HP: 16/64 [something (9)]
  7753 | D:9      | HP: 10/64 [something (3)]
  7755 | D:9      | Shot with an arrow by something

Levels and vault maps discovered:
D:1:      mrwooster_arrival_statue_3, layout_basic, serial_shops,
          nicolae_shop_rolling_square, serial_forest,
          infiniplex_forest_lined_room_3, infiniplex_forest_lined_3,
          infiniplex_forest_straight_5, infiniplex_forest_lined_room_2,
          hex_intersection, minmay_cupped
D:2:      layout_loops_ring, basic_altar, serial_shops, shop, shop, shop
D:3:      layout_rooms, eat_drink_and_be_merry_uskayaw, kennysheep_crisscross
D:4:      layout_loops_ring, uniq_duvessa, uniq_grinder, uniq_eustachio
D:5:      layout_loops_ring, minmay_temple_entry_offerings, serial_shops,
          nicolae_shop_tiny_waterfront, nicolae_kite_square_tiling_tiny,
          minmay_misc_feat_iff, minmay_fractal_squares_diagonal_5
D:6:      layout_gridville, minmay_between
D:7:      layout_gridville, nicolae_ossuary_entry_giza, minmay_misc_feat_columns
D:8:      layout_basic, mainiacjoe_overflow_six_doors_small
D:9:      layout_irregular_city, mainiacjoe_overflow_concentric_impassable,
          lemuel_doored_altar, uniq_maggie
Temple:   dpeg_three_leaves_temple

Skill      XL: |  1  2  3  4  5  6  7  8  9 10 |
---------------+-------------------------------+-----
Axes           | 2 3 4 11 | 11.9
Dodging        | 1 2 3 |  3.0
Fighting       | 4 5 6 8 |  8.3
Throwing       | 2 |  2.1
Shields        | 4 5 |  5.2
Armour         | 5 |  5.1

Action                     |  1- 3 |  4- 6 |  7- 9 | 10-12 || total
---------------------------+-------+-------+-------+-------++-------
  Melee: War axe           |   128 |   112 |   243 |    22 ||   505
  Throw: Boomerang         |    18 |    43 |   134 |     5 ||   200
    Use: Scroll            |     4 |     7 |    13 |     2 ||    26
         Potion            |       |     3 |     3 |       ||     6
 Armour: Scale mail        |    57 |    19 |       |       ||    76
         Skin              |       |     1 |       |       ||     1
         Chain mail        |       |    30 |   108 |    18 ||   156
  Dodge: Dodged            |    62 |    45 |    70 |     7 ||   184
  Block: Buckler           |    30 |    62 |   125 |    19 ||   236
         Reflection        |       |     1 |     4 |     4 ||     9

Table legend:
 A = Non-vault XP
 B = Vault XP
 C = Vault XP percentage of total XP
 D = Non-vault monster count
 E = Vault monster count
 F = Vault count percentage of total count
                 A         B        C        D         E       F
            +---------+---------+-------+---------+---------+-------
      Total |    3606 |    1622 |  31.0 |     173 |      56 |  24.5
            +---------+---------+-------+---------+---------+-------
        D:1 |      43 |       7 |  14.0 |      26 |       4 |  13.3
        D:2 |      34 |       0 |   0.0 |      15 |       0 |   0.0
        D:3 |     206 |       0 |   0.0 |      36 |       0 |   0.0
        D:4 |     267 |     656 |  71.1 |      20 |       4 |  16.7
        D:5 |     294 |     332 |  53.0 |      13 |       7 |  35.0
        D:6 |     534 |     336 |  38.6 |       7 |       6 |  46.2
        D:7 |     768 |      19 |   2.4 |      27 |       2 |   6.9
        D:8 |    1216 |       0 |   0.0 |      22 |       0 |   0.0
        D:9 |     244 |       0 |   0.0 |       7 |       0 |   0.0
    Ossuary |       0 |     272 | 100.0 |       0 |      33 | 100.0
            +---------+---------+-------+---------+---------+-------
